 Dungeon Crawl Stone Soup version 0.25.1-2-g60ff931df9 (webtiles) character file.

Game seed: 8509977849606751071

185 Curus the Poker (level 5, 0/38 HPs)
             Began as a Demonspawn Gladiator on Oct 31, 2020.
             Succumbed to a kobold's poison
             ... on level 2 of the Dungeon.
             The game lasted 00:08:31 (1514 turns).

Curus the Poker (Demonspawn Gladiator)              Turns: 1514, Time: 00:08:31

Health: 0/38       AC:  6    Str: 14    XL:     5   Next: 37%
Magic:  5/5        EV: 13    Int:  9    God:
Gold:   71         SH:  0    Dex: 16    Spells: 4/4 levels left

rFire    . . .     SeeInvis +   a - +2 trident
rCold    . . .     Gourm    .   (no shield)
rNeg     . . .     Faith    .   h - +0 troll leather armour
rPois    .         Spirit   .   (helmet restricted)
rElec    .         Reflect  .   (no cloak)
rCorr    .         Harm     .   n - +0 pair of gloves
MR       .....                  e - +0 pair of boots
Stlth    +++.......             (no amulet)
HPRegen  0.52/turn              l - ring of see invisible
MPRegen  0.09/turn              (no ring)

@: lethally poisoned (0 -> -1)
A: horns 1, demonic guardian 1, nightstalker 2
a: no special abilities


You were on level 2 of the Dungeon.
You were not hungry.

You visited 1 branch of the dungeon, and saw 3 of its levels.

You collected 71 gold pieces.

Inventory:

Hand Weapons
 a - a +2 trident (weapon)
Missiles
 d - 3 throwing nets (quivered)
Armour
 b - a +0 leather armour
 c - a +0 helmet
 e - a +0 pair of boots (worn)
 h - a +0 troll leather armour (worn)
 n - a +0 pair of gloves (worn)
Jewellery
 l - a ring of see invisible (left hand)
 o - an uncursed ring of attention
Scrolls
 j - 2 scrolls of teleportation
 k - a scroll of remove curse
 m - a scroll of identify
 p - a scroll of magic mapping
Potions
 i - 2 potions of degeneration
Comestibles
 f - 8 rations
 q - 6 chunks of flesh


   Skills:
 - Level 2.0 Fighting
 + Level 5.6 Polearms
 - Level 1.7 Throwing
 - Level 2.6 Dodging


You had 4 spell levels left.
You didn't know any spells.
Your spell library was empty.

Dungeon Overview and Level Annotations

Branches:
Dungeon (3/15)

Altars:
Cheibriados


Innate Abilities, Weirdness & Mutations

You have a pair of small horns on your head.
A weak demonic guardian rushes to your aid.
You are significantly more attuned to the shadows.


Message History

The quokka bites you but does no damage.
* * * LOW HITPOINT WARNING * * *
You feel sick.
* * * LOW HITPOINT WARNING * * *
You feel sick.
* * * LOW HITPOINT WARNING * * *
You feel sick.
* * * LOW HITPOINT WARNING * * *
You feel sick.
Unknown command.
* * * LOW HITPOINT WARNING * * *
You feel sick.
The quokka bites you but does no damage.
* * * LOW HITPOINT WARNING * * *
You feel sick.
There is a stone staircase leading up here.
* * * LOW HITPOINT WARNING * * *
You feel sick. The quokka misses you.
You climb upwards.
You die...

############ ###########
#........).#
...##.....###.#......#.#
.....................#.#
...##.....##..#[#....#.#
.....#........#.#..#.#.#
...#.#...#.<..#.####.#.#
.).............r@....#.#
.#.#.#........#........#
.#.#.#......#.#.########
.#.#.#..#####.........#
.#.#.#..#..........##.#
.#.#.#..#.########.##.#
.#.#.#..#.# #.##.#
.#.#.#..#.# #....#
.#.#.####.# ######


You could see a quokka.

Vanquished Creatures
  A phantom (D:3)
  An orc priest (D:3)
  An adder (D:3)
  A worm (D:2)
  5 dart slugs
  2 leopard geckos (D:2)
  3 orcs
  6 giant cockroaches
  A hobgoblin (D:2)
  3 jackals (D:1)
  8 bats
  A frilled lizard (D:1)
  3 goblins (D:1)
  3 kobolds
  7 rats
46 creatures vanquished.

Notes
Turn   | Place    | Note
-------+----------+-------------------------------------------
     0 | D:1      | Curus the Demonspawn Gladiator began the quest for the Orb.
     0 | D:1      | Reached XP level 1. HP: 16/16 MP: 1/1
   243 | D:1      | Reached skill level 3 in Polearms
   294 | D:1      | Gained mutation: You have a pair of small horns on your
                  | head. [demonic ancestry]
   294 | D:1      | Reached XP level 2. HP: 22/22 MP: 2/2
   647 | D:2      | Found a snail-covered altar of Cheibriados.
   711 | D:2      | Gained mutation: You are slightly more attuned to the
                  | shadows. [demonic ancestry]
   711 | D:2      | Reached XP level 3. HP: 27/27 MP: 3/3
   771 | D:2      | Reached skill level 4 in Polearms
  1344 | D:3      | Gained mutation: You are significantly more attuned to the
                  | shadows. [demonic ancestry]
  1344 | D:3      | Reached XP level 4. HP: 21/33 MP: 4/4
  1451 | D:3      | Noticed a phantom
  1464 | D:3      | Killed a phantom
  1464 | D:3      | Reached skill level 5 in Polearms
  1464 | D:3      | Gained mutation: A weak demonic guardian rushes to your
                  | aid. [demonic ancestry]
  1464 | D:3      | Reached XP level 5. HP: 35/38 MP: 5/5
  1509 | D:3      | HP: 1/38 [poisoned by a kobold]
  1514 | D:2      | Succumbed to a kobold's poison

Illustrated notes

Levels and vault maps discovered:
D:1:      saegor_arrival_simple_a, layout_loops_ring, minmay_tromino_v4_a
D:2:      layout_basic, kennysheep_slug_shrine
D:3:      layout_rooms, yredelemnul_altar_generic, first_ration,
          minmay_stone_trees_small, uniq_ijyb

Skill      XL: |  1  2  3  4 |
---------------+-------------+-----
Polearms       | 3 4 5 |  5.6
Fighting       | |  2.0
Throwing       | |  1.7
Dodging        | |  2.6

Action                   |  1- 3 |  4- 6 || total
-------------------------+-------+-------++-------
Melee: Trident           |    98 |    30 ||   128
       Headbutt          |     8 |     4 ||    12
  Use: Scroll            |     6 |     1 ||     7
       Potion            |     2 |       ||     2
 Stab: Sleeping          |     3 |     3 ||     6
  Eat: Chunk             |     1 |     1 ||     2
Armor: Troll leather arm |    18 |     8 ||    26
Dodge: Dodged            |    54 |    24 ||    78
